 Dungeon Sprint DCSS version 0.17-a0-1311-gbcbd859 (webtiles) character file.

6160 Kidiri the Unseen (level 10, -17/53 HPs)
             Began as a Spriggan Enchanter on June 8, 2015.
             Was the Champion of Dithmenos.
             Demolished by a deep troll (18 damage)
             ... in the Dungeon (Sprint VII: "The Pits").
             The game lasted 00:14:34 (1753 turns).

Kidiri the Unseen (Spriggan Enchanter)              Turns: 1753, Time: 00:14:34

Health: -17/53     AC:  7    Str:  4    XL:     10   Next: 60%
Magic:  16/24      EV: 35    Int: 21    God:    Dithmenos [******]
Gold:   10         SH:  0    Dex: 19    Spells: 5 memorised, 15 levels left

rFire  . . .     SeeInvis +     v - +2 rapier (drain)
rCold  . . .     Clarity  .     b - +1 robe
rNeg   . . .     SustAt   .     (shield restricted)
rPois  .         Gourm    .     w - +1 hat
rElec  .         Spirit   .     x - +2 cloak
rCorr  .         Warding  .     (gloves unavailable)
rMut   .         NoTele   +     (boots unavailable)
MR     +....                    (no amulet)
Stlth  ++++++++++               s - +3 ring of intelligence
                                r - +3 ring of evasion

@: wreathed by umbra, very quick, somewhat resistant to hostile enchantments,
uncannily stealthy
A: unfitting armour, see invisible, herbivore 3, speed 3, slow metabolism 2
a: Shadow Step, Shadow Form, Renounce Religion


You were in the Dungeon.
You worshipped Dithmenos.
Dithmenos was exalted by your worship.
You were not hungry.

You visited 1 branch You collected 10 gold pieces.

Inventory:

Hand weapons
 a - a +2 dagger
 p - a +1 dagger of draining
 q - a +1 short sword of freezing
 v - a +2 rapier of draining (weapon)
 y - a +0 blowgun
Missiles
 z - 8 curare-tipped needles
Armour
 b - a +1 robe (worn)
 w - a +1 hat (worn)
 x - a +2 cloak (worn)
Jewellery
 r - a +3 ring of evasion (left hand)
 s - a +3 ring of intelligence (right hand)
Scrolls
 j - a scroll of blinking
 m - 3 scrolls of remove curse
 n - 5 scrolls of amnesia
 o - a scroll of summoning
Potions
 e - 6 potions of curing
 f - 16 potions of heal wounds
 g - 3 potions of haste
 h - 4 potions of magic
 i - 3 potions of berserk rage
 l - 2 potions of invisibility
 t - 2 potions of cure mutation
 u - a potion of brilliance
Books
 c - a book of Maledictions

   Spells                             Type                      Level
   a - Corona                         Hexes                        1
   b - Ensorcelled Hibernation        Hexes/Ice                    2
   c - Confuse                        Hexes                        3
   d - Tukima's Dance                 Hexes                        3
   e - Dazzling Spray                 Conjuration/Hexes            3
Comestibles
 d - 8 bread rations
 k - 40 fruits


   Skills:
 + Level 6.3 Fighting
 * Level 11.6 Short Blades
 + Level 1.2 Throwing
 * Level 14.8 Dodging
 * Level 15.9 Stealth
 + Level 9.4 Spellcasting
 + Level 5.0 Conjurations
 + Level 9.9 Hexes
 + Level 6.0 Ice Magic
 + Level 7.2 Invocations


You had 15 spell levels left.
You knew the following spells:

 Your Spells              Type           Power        Failure   Level  Hunger
a - Corona                Hex            ######.      1%          1    None
b - Ensorcelled Hibernat  Hex/Ice        #####.       1%          2    None
c - Confuse               Hex            ######..     1%          3    None
d - Tukima's Dance        Hex            ######..     1%          3    None
e - Dazzling Spray        Conj/Hex       #####...     1%          3    None


Dungeon Overview and Level Annotations

Branches:
Dungeon (1/1)

Altars:
Ashenzari
Cheibriados
Dithmenos
Elyvilon
Fedhas
Gozag
Kikubaaqudgha
Makhleb
Nemelex Xobeh
Okawaru
Qazlal
Ru
Sif Muna
Trog
Vehumet
Xom
Yredelemnul
Zin
The Shining One
Beogh
Jiyva
Lugonu


Innate Abilities, Weirdness & Mutations

You are tiny and cannot use many weapons and most armour.
You have supernaturally acute eyesight.
You are a herbivore.
You cover ground extremely quickly.
You need consume almost no food.


Message History

The skeletal warrior completely misses you.
You hit the skeletal warrior.
The skeletal warrior is lightly damaged.
Your shadow hits the skeletal warrior but does no damage.
You hit the skeletal warrior but do no damage.
The skeletal warrior is lightly damaged.
Casting: Confuse
Confirm with . or Enter, or press ? or * to list all spells.
Aiming: Corona
Press: ? - help, Shift-Dir - straight line, f - skeletal warrior
Aim: a skeletal warrior, wielding a hand axe (lightly damaged, umbra, chance to defeat MR: 18%)
The skeletal warrior resists with almost no effort.
Your shadow mimicks your spell!
The skeletal warrior resists with almost no effort.
The skeletal warrior hits you with a hand axe!!
* * * LOW HITPOINT WARNING * * *
You hit the skeletal warrior.
The skeletal warrior is lightly damaged.
The deep troll bites you!!
You die...

............+ ..#..#......#
............# #####++######
...##++##### ###########
...##......# #%.......)#
...##......# ##)......##
...###....## ####z..########
...# ##++## ###.@Tz..'..##.)#
...###)...###...z##'##.....##
...##......#....##...##....#
#####......'....'.%...'....+
#####......#....##...##..z.#
.[[###....###...%##'##.....#
.[[# ##++## ###..'...+.k##z.#
.).###.)..## ####...########
.))##......# ##..)...)##


You could see 3 skeletal warriors and a deep troll.

Vanquished Creatures
  Gastronok (D)
  Sonja (D)
  A necromancer (D)
  Maurice (D)
  A molten gargoyle (D)
  2 demonic crawlers (D)
  A komodo dragon (D)
  A jumping spider (D)
  A merfolk (D)
  A giant leech (D)
  A wandering mushroom (D)
  A redback (D)
  A deep elf fighter (D)
  A mottled dragon (D)
  A wasp (D)
  2 black bears (D)
  A necrophage (D)
  An ogre (D)
  A centaur (D)
  A big kobold (D)
  2 brain worms (D)
  3 wights (D)
  2 crimson imps (D)
  An orc priest (D)
  An orc wizard (D)
  2 worker ants (D)
  A hell rat (D)
  A mummy (D)
  2 adders (D)
  A river rat (D)
  2 ufetubi (D)
  An adder skeleton (D)
  An adder zombie (D)
  2 worms (D)
  3 orcs (D)
  A hobgoblin (D)
  A ball python (D)
  A giant newt (D)
  2 rats (D)
52 creatures vanquished.

Notes
Turn   | Place    | Note
--------------------------------------------------------------
     0 | D        | Kidiri the Spriggan Enchanter began the quest for the Orb.
     0 | D        | Reached XP level 1. HP: 9/9 MP: 5/5
    26 | D        | Found a sacrificial altar of Ru.
    26 | D        | Found a basalt altar of Yredelemnul.
    26 | D        | Found a shadowy altar of Dithmenos.
    26 | D        | Found a deep blue altar of Sif Muna.
    26 | D        | Found a burning altar of Makhleb.
    26 | D        | Found a shimmering altar of Xom.
    26 | D        | Found an ancient bone altar of Kikubaaqudgha.
    26 | D        | Found a sparkling altar of Nemelex Xobeh.
    27 | D        | Found a glowing golden altar of the Shining One.
    27 | D        | Found a bloodstained altar of Trog.
    27 | D        | Found a shattered altar of Ashenzari.
    27 | D        | Found a white marble altar of Elyvilon.
    27 | D        | Found a snail-covered altar of Cheibriados.
    27 | D        | Found a blossoming altar of Fedhas.
    27 | D        | Found a radiant altar of Vehumet.
    27 | D        | Found a glowing silver altar of Zin.
    27 | D        | Found a corrupted altar of Lugonu.
    27 | D        | Found a viscous altar of Jiyva.
    27 | D        | Found a roughly hewn altar of Beogh.
    27 | D        | Found an iron altar of Okawaru.
    30 | D        | Became a worshipper of Dithmenos the Shadowed
    34 | D        | Found a stormy altar of Qazlal.
    34 | D        | Found an opulent altar of Gozag.
    78 | D        | Reached skill level 1 in Fighting
    78 | D        | Reached skill level 5 in Stealth
    78 | D        | Reached XP level 2. HP: 12/14 MP: 7/7
   132 | D        | Learned a level 2 spell: Ensorcelled Hibernation
   132 | D        | Noticed a brain worm
   132 | D        | Noticed a worker ant
   134 | D        | Killed a worker ant
   134 | D        | Reached skill level 5 in Dodging
   134 | D        | Reached skill level 6 in Stealth
   134 | D        | Reached XP level 3. HP: 18/18 MP: 8/8
   138 | D        | Killed a brain worm
   138 | D        | Reached skill level 7 in Stealth
   138 | D        | Reached skill level 5 in Hexes
   138 | D        | Reached skill level 1 in Ice Magic
   138 | D        | Reached skill level 1 in Invocations
   138 | D        | Reached XP level 4. HP: 23/23 MP: 3/11
   206 | D        | Noticed a centaur
   217 | D        | Acquired Dithmenos's first power
   220 | D        | Killed a centaur
   220 | D        | Reached skill level 5 in Short Blades
   220 | D        | Reached skill level 8 in Stealth
   220 | D        | Reached XP level 5. HP: 14/27 MP: 7/12
   253 | D        | Learned a level 3 spell: Confuse
   257 | D        | Learned a level 3 spell: Tukima's Dance
   261 | D        | Learned a level 3 spell: Dazzling Spray
   456 | D        | Noticed an orc priest
   456 | D        | Noticed an orc wizard
   456 | D        | Noticed a deep elf fighter
   460 | D        | Noticed a worker ant
   461 | D        | Noticed an ogre
   461 | D        | Noticed a black bear
   462 | D        | Noticed a crimson imp
   463 | D        | Killed a deep elf fighter
   463 | D        | Reached skill level 9 in Stealth
   463 | D        | Reached skill level 5 in Spellcasting
   463 | D        | Reached skill level 1 in Conjurations
   463 | D        | Reached XP level 6. HP: 30/32 MP: 12/14
   473 | D        | Killed an orc wizard
   473 | D        | Acquired Dithmenos's second power
   475 | D        | Killed a black bear
   475 | D        | Reached skill level 10 in Stealth
   477 | D        | Killed an ogre
   477 | D        | Reached XP level 7. HP: 34/36 MP: 8/16
   481 | D        | Killed an orc priest
   481 | D        | Acquired Dithmenos's third power
   492 | D        | Killed a worker ant
   618 | D        | Killed a crimson imp
   634 | D        | Noticed a komodo dragon
   637 | D        | Killed a komodo dragon
   637 | D        | Acquired Dithmenos's fourth power
   637 | D        | Reached skill level 10 in Dodging
   637 | D        | Reached skill level 11 in Stealth
   651 | D        | Noticed a crimson imp
   651 | D        | Noticed a brain worm
   653 | D        | Killed a brain worm
   659 | D        | Killed a crimson imp
   669 | D        | Noticed a black bear
   669 | D        | Noticed a giant leech
   673 | D        | Killed a black bear
   673 | D        | Reached XP level 8. HP: 42/42 MP: 17/19
   675 | D        | Killed a giant leech
   675 | D        | Reached skill level 12 in Stealth
   675 | D        | Reached skill level 5 in Invocations
   799 | D        | Noticed a wight
   799 | D        | Noticed a wight
   799 | D        | Noticed a wight
   799 | D        | Noticed Gastronok
   801 | D        | Killed a wight
  1008 | D        | Killed a wight
  1078 | D        | Killed a wight
  1110 | D        | Killed Gastronok
  1110 | D        | Reached skill level 5 in Fighting
  1110 | D        | Reached skill level 10 in Short Blades
  1110 | D        | Reached skill level 13 in Dodging
  1110 | D        | Reached skill level 14 in Stealth
  1110 | D        | Reached skill level 5 in Ice Magic
  1110 | D        | Reached XP level 9. HP: 29/47 MP: 12/22
  1339 | D        | Noticed a demonic crawler
  1339 | D        | Noticed a redback
  1339 | D        | Noticed Maurice
  1342 | D        | Killed a demonic crawler
  1348 | D        | Killed a redback
  1350 | D        | Killed Maurice
  1374 | D        | Noticed a jumping spider
  1374 | D        | Noticed a wandering mushroom
  1374 | D        | Noticed a wasp
  1380 | D        | Killed a wasp
  1436 | D        | Killed a jumping spider
  1436 | D        | Reached XP level 10. HP: 46/53 MP: 23/23
  1452 | D        | Killed a wandering mushroom
  1452 | D        | Reached skill level 15 in Stealth
  1509 | D        | Noticed a big kobold
  1510 | D        | Noticed a molten gargoyle
  1510 | D        | Noticed a hell rat
  1511 | D        | Killed a big kobold
  1524 | D        | Killed a hell rat
  1526 | D        | Killed a molten gargoyle
  1636 | D        | Noticed a merfolk
  1637 | D        | Noticed a mottled dragon
  1637 | D        | Noticed Sonja
  1638 | D        | Killed a merfolk
  1641 | D        | Killed Sonja
  1642 | D        | Killed a mottled dragon
  1694 | D        | Noticed a demonic crawler
  1696 | D        | Killed a demonic crawler
  1720 | D        | Noticed a necromancer
  1720 | D        | Noticed a necrophage
  1720 | D        | Noticed a skeletal warrior
  1720 | D        | Noticed a skeletal warrior
  1720 | D        | Noticed a skeletal warrior
  1720 | D        | Noticed a skeletal warrior
  1721 | D        | Noticed a lindwurm
  1722 | D        | Killed a necromancer
  1722 | D        | Reached skill level 1 in Throwing
  1722 | D        | Reached skill level 5 in Conjurations
  1725 | D        | Noticed a deep troll
  1727 | D        | Killed a necrophage
  1752 | D        | HP: 1/53 [skeletal warrior/hand axe (19)]
  1753 | D        | Demolished by a deep troll

Vault maps used:
D:        pitsprint

Action                   |  1- 3 |  4- 6 |  7- 9 | 10-12 || total
-------------------------+-------+-------+-------+-------++-------
Melee: Dagger            |     5 |    20 |    59 |       ||    84
       Short sword       |       |       |     2 |       ||     2
       Rapier            |       |       |    54 |    31 ||    85
 Cast: Ensorcelled Hiber |     2 |     4 |    15 |     7 ||    28
       Corona            |     1 |     1 |     8 |     1 ||    11
       Confuse           |       |       |     3 |     3 ||     6
Invok: Shadow Step       |       |       |       |     6 ||     6
 Stab: Sleeping          |     5 |     5 |    16 |    13 ||    39
       Confused          |       |       |     1 |     3 ||     4
